 Dungeon Crawl Stone Soup version 0.23.2-33-g5129a83184 (webtiles) character file.

Game seed: 7318330050603422121

43 Descartes the Skirmisher (level 3, -9/29 HPs)
             Began as a Formicid Abyssal Knight on July 19, 2019.
             Was a Believer of Lugonu.
             Mangled by a gnoll
             ... wielding a +0 spear
              (11 damage)
             ... on level 2 of the Dungeon.
             The game lasted 00:03:34 (1898 turns).

Descartes the Skirmisher (Formicid Abyssal Knight)  Turns: 1898, Time: 00:03:34

Health: -9/29      AC:  3    Str: 16    XL:     3   Next: 82%
Magic:  5/5        EV: 11    Int: 11    God:    Lugonu [**....]
Gold:   71         SH:  0    Dex: 11    Spells: 2/2 levels left

rFire    . . .     SeeInvis +   a - +1 hand axe
rCold    . . .     Gourm    .   (no shield)
rNeg     . . .     Faith    .   b - +0 leather armour
rPois    .         Spirit   .   (helmet unavailable)
rElec    .         Reflect  .   (no cloak)
rCorr    .         Harm     .   (no gloves)
MR       .....                  (no boots)
Stlth    +.........             (no amulet)
HPRegen  0.09/turn              (no ring)
MPRegen  0.09/turn              (no ring)

@: no status effects
A: permanent stasis, dig shafts and tunnels, four strong arms, antennae 3
a: Dig, Shaft Self, Depart the Abyss, Bend Space, Renounce Religion


You were on level 2 of the Dungeon.
You worshipped Lugonu.
Lugonu was pleased with you.
You were not hungry.

You visited 1 branch of the dungeon, and saw 2 of its levels.
You visited the Abyss 1 time.

You collected 71 gold pieces.

Inventory:

Hand Weapons
 a - a +1 hand axe (weapon)
 j - a +0 war axe
 k - a +3 dagger of flaming
Missiles
 e - 12 poisoned needles
 l - 2 stones (quivered)
Armour
 b - a +0 leather armour (worn)
Jewellery
 i - a +2 ring of evasion {unknown}
Scrolls
 h - 2 scrolls of identify {unknown}
 m - a scroll of remove curse {unknown}
Potions
 d - a potion of invisibility {unknown}
 f - a potion of magic {unknown}
Comestibles
 c - a ration
 g - 6 chunks of flesh


   Skills:
 + Level 3.5 Fighting
 + Level 2.3 Axes
 + Level 2.6 Armour
 + Level 1.4 Dodging
 + Level 1.2 Stealth
 + Level 2.7 Invocations


You had 2 spell levels left.
You didn't know any spells.
Your spell library was empty.

Dungeon Overview and Level Annotations

Branches:
Dungeon (2/15)

Altars:


Innate Abilities, Weirdness & Mutations

You cannot be hasted, slowed, berserked, paralysed or teleported.
You can dig through walls and to a lower floor.
Your four strong arms can wield two-handed weapons with a shield.
You have a pair of large antennae on your head. (SInv)


Message History

The hobgoblin hits you but does no damage.
You hit the hobgoblin but do no damage.
The hobgoblin is almost dead.
The hobgoblin completely misses you.
You closely miss the hobgoblin.
The hobgoblin is almost dead.
The hobgoblin hits you but does no damage.
You closely miss the hobgoblin.
The hobgoblin is almost dead.
The hobgoblin hits you with a +0 club.
* * * LOW HITPOINT WARNING * * *
You hit the hobgoblin.
You kill the hobgoblin!
Lugonu accepts your kill.
You closely miss the gnoll. The gnoll hits you with a +0 spear.
* * * LOW HITPOINT WARNING * * *
You hit the gnoll.
The gnoll is lightly wounded.
The gnoll barely misses you. The gnoll hits you with a +0 spear!
You die...

##......... ##.## ........#
######...## #.g....#
#.........# #.l...# #.####...##
#{# #.# ##.... ##†## #.# #####
#..{### #.# #..{#g## #.##
#.{{{#@# ####..### #..{####
#.......# ####
######...######.###.#.# #...
..##.............#.##..#.###...
...................##.#......÷.
.###...............##.#..###...
######...#####........# #...
#...# #.###<#.## ###. #...#
#.......# #.


You could see a gnoll.

Vanquished Creatures
  An ooze (D:1)
  A worm (D:2)
  A leopard gecko (D:1)
  4 giant cockroaches
  3 goblins (D:1)
  4 hobgoblins
  3 jackals (D:1)
  5 kobolds
  5 bats
  2 frilled lizards (D:1)
  4 rats
33 creatures vanquished.

Notes
Turn   | Place    | Note
-------+----------+-------------------------------------------
     0 | Abyss:1  | Descartes the Formicid Abyssal Knight began the quest for
                  | the Orb.
     0 | Abyss:1  | Reached XP level 1. HP: 18/18 MP: 2/2
     8 | D:1      | Escaped the Abyss
   122 | D:1      | Reached skill level 1 in Dodging
   247 | D:1      | Reached XP level 2. HP: 24/24 MP: 3/3
   632 | D:1      | Reached ** piety under Lugonu
   862 | D:1      | Reached skill level 1 in Stealth
   862 | D:1      | Reached XP level 3. HP: 19/29 MP: 4/4
  1898 | D:2      | Mangled by a gnoll

Skill      XL: |  1  2 |
---------------+-------+-----
Dodging        | 1 |  1.4
Stealth        | 1 |  1.2
Fighting       | |  3.5
Axes           | |  2.3
Armour         | |  2.6
Invocations    | |  2.7

Action                   || total
-------------------------++-------
Melee: Hand axe          ||    99
 Abil: Dig               ||     1
 Stab: Sleeping          ||     2
  Eat: Chunk             ||     3
Armor: Leather armour    ||    38
Dodge: Dodged            ||    56
